 Dungeon Crawl Stone Soup version 0.27.1-33-g824d729ab1 (webtiles) character file.

Game seed: 9411968767394756430

3 ces the Ducker (level 1, -3/18 HPs)
             Began as a Djinni Gladiator on Dec 1, 2021.
             Frozen to death by an endoplasm (7 damage)
             ... on level 1 of the Dungeon.
             The game lasted 00:00:11 (108 turns).

ces the Ducker (Djinni Gladiator)                    Turns: 108, Time: 00:00:12

Health: -3/18      AC:  4    Str: 13    XL:     1   Next: 55%
Gold:   0          EV: 12    Int:  9    God:
                   SH:  0    Dex: 14

rFire    + + .     SeeInvis .   a - +0 long sword
rCold    x . .     Faith    .   (no shield)
rNeg     . . .     Spirit   .   b - +0 leather armour
rPois    ∞         Reflect  .   c - +0 helmet
rElec    .         Harm     .   (no cloak)
rCorr    .         Rampage  .   (no gloves)
Will     .....                  (boots unavailable)
Stlth    +.........             (no amulet)
HPRegen  0.06/turn              (no ring)
MPRegen  0.00/turn              (no ring)

@: flying
A: sickness immunity, fire resistance 2, cold vulnerability 1, float, innate
caster, hp casting, extra vitality 1
a: no special abilities


You were on level 1 of the Dungeon.
You visited 1 branch of the dungeon, and saw 1 of its levels.

Inventory:

Hand Weapons
 a - a +0 long sword (weapon)
Missiles
 d - 3 throwing nets (quivered)
Armour
 b - a +0 leather armour (worn)
 c - a +0 helmet (worn)


   Skills:
 + Level 2.0 Fighting
 + Level 2.8 Long Blades
 + Level 1.5 Throwing
 + Level 3.3 Dodging


You couldn't memorise any spells.
You didn't know any spells.
Your spell library was empty.

Dungeon Overview and Level Annotations

Branches:
Dungeon (1/15)

Altars:


Innate Abilities, Weirdness & Mutations

You are immune to sickness and miasma.
You are immune to poison.
Your flesh is very heat resistant. (rF++)
You are vulnerable to cold. (rC-)
You float through the air rather than walking.
You learn spells naturally, not from books.
Your magical power is your life essence.
You have superior vitality. (+4 HP)


Message History

The frilled lizard closely misses you.
You riposte.
You hit the frilled lizard.
You kill the frilled lizard!
The goblin shouts!
You slash the goblin!
You kill the goblin!
The frilled lizard closely misses you.
You closely miss the frilled lizard. The frilled lizard barely misses you.
You riposte.
You barely miss the frilled lizard. You hit the frilled lizard.
You kill the frilled lizard!
No target in view!
No target in view!
You reach down and open the large door.
There is a large open door here.
An endoplasm comes into view.
An endoplasm is nearby!
An endoplasm is nearby!
The endoplasm quivers.
A bat comes into view.
You hit the endoplasm.
The endoplasm is moderately wounded.
The endoplasm freezes you.
You are frozen!
You feel a terrible chill!
You completely miss the endoplasm.
The endoplasm is moderately wounded.
The endoplasm hits you but does no damage.
The bat hits you but does no damage. The endoplasm freezes you.
You are frozen!
You feel a terrible chill!
* * * LOW HITPOINT WARNING * * *
The bat barely misses you.
You riposte.
You barely miss the bat. The bat barely misses you. The bat hits you.
* * * LOW HITPOINT WARNING * * *
The bat closely misses you.
You riposte.
You slash the bat!
You kill the bat!
The endoplasm jiggles.
The endoplasm freezes you.
You are frozen!
You feel a terrible chill!
You die...

..........###≈≈.......8.#
#.#
..........##≈≈..≈≈≈≈≈≈.##
#.#
..........##≈..≈≈...≈≈≈#
#.#
..........##≈.≈≈..≈..≈≈#
#.#
..........##≈.≈≈.≈≈≈..≈#
#####.#
..........##≈.≈≈.<.≈≈.≈#
#..)...
..........##≈..≈≈≈.≈≈.≈#
#......
...........#≈≈..≈..≈≈.≈#
#......
##########.#≈≈≈.@.≈≈..≈#
#...... #.#.≈≈J≈≈≈..≈≈#
#...... #..8.......≈≈##
#......
#...###''#############.#
##### #..#.........# #.#
#....#####...# #.#
####.####....###.#
#......♣...##.#
####...♣P..##.#


You could see an endoplasm.

Vanquished Creatures
  A goblin (D:1)
  A bat (D:1)
  2 frilled lizards (D:1)
4 creatures vanquished.

Notes
Turn   | Place    | Note
-------+----------+-------------------------------------------
     0 | D:1      | ces the Djinni Gladiator began the quest for the Orb.
     0 | D:1      | Reached XP level 1. HP: 18/18 MP: 0/0
   108 | D:1      | Frozen to death by an endoplasm

Illustrated notes

Levels and vault maps discovered:
D:1:      psy_arrival_whirlpool, layout_basic,
          dreamdust_ecumenical_altar_drowned_temple, serial_park_tiny_1,
          minmay_misc_feat_iff

Action                   || total
-------------------------++-------
Melee: Long sword        ||     5
Armor: Leather armour    ||     2
Dodge: Dodged            ||     6
       Rpst.: Long sword ||     4
